 Dungeon Crawl Stone Soup version 0.25.0-26-g0c896c7 (webtiles) character file.

Game seed: 3493518212110131431

12970 Bionic the Brawler (level 12, -5/112 HPs)
             Began as a Ghoul Monk on June 30, 2020.
             Was an Elder of Ashenzari.
             Slain by an ice beast (6 damage)
             ... summoned by an ice statue
             ... in an ice cave.
             The game lasted 00:34:53 (14962 turns).

Bionic the Brawler (Ghoul Monk)                    Turns: 14962, Time: 00:34:54

Health: -5/112     AC: 15    Str: 20    XL:     12   Next: 1%
Magic:  11/11      EV:  8    Int:  5    God:    Ashenzari [****..]
Gold:   823        SH:  0    Dex: 11    Spells: 11/11 levels left

rFire    . . .     SeeInvis +     - Unarmed
rCold    + . .     Gourm    .   (no shield)
rNeg     + + +     Faith    .   n - +3 chain mail {MR+} (curse)
rPois    ∞         Spirit   .   y - +0 helmet (curse)
rElec    .         Reflect  .   m - +2 cloak (curse)
rCorr    .         Harm     .   (no gloves)
MR       +....     Clarity  +   (no boots)
Stlth    ..........             (no amulet)
HPRegen  0.00/turn              P - ring of poison resistance (curse)
MPRegen  0.12/turn              (no ring)

@: rotting
A: rotting body, claws 1, carnivore, cold resistance 1, negative energy
resistance 3, inhibited regeneration, torment resistance, unbreathing
a: Curse Item, Scrying, Renounce Religion


You were in an ice cave.
You worshipped Ashenzari.
Ashenzari was greatly pleased with you.
You were not hungry.

You visited 3 branches of the dungeon, and saw 14 of its levels.
You also visited: Ice Cave.

You collected 895 gold pieces.
You spent 72 gold pieces at shops.


Innate Abilities, Weirdness & Mutations

Your body is rotting away.
You thrive on raw meat.
You are immune to poison.
You have sharp fingernails.
You are carnivorous and can eat meat at any time.
Your flesh is cold resistant. (rC+)
You are immune to negative energy. (rN+++)
You do not regenerate when monsters are visible.
You are immune to unholy pain and torment.
You can survive without breathing.


   Skills:
 + Level 12.1 Fighting
 - Level 2.6 Dodging
 - Level 2.1 Stealth
 * Level 16.1 Unarmed Combat


You had 11 spell levels left.
You didn't know any spells.
Your spell library contained the following spells:

 Spells                   Type           Power        Failure   Level  Hunger
 Animate Skeleton         Necr           N/A          100%        1    ##.....
 Apportation              Tloc           #.....       100%        1    ##.....
 Corona                   Hex            #......      100%        1    ##.....
 Freeze                   Ice            #...         100%        1    ##.....
 Sting                    Tmut/Pois      #...         100%        1    ##.....
 Summon Small Mammal      Summ           #...         100%        1    ##.....
 Poisonous Vapours        Pois/Air       #.....       100%        2    ###....
 Confusing Touch          Hex            #.......     100%        3    ####...
 Frozen Ramparts          Ice            #.....       100%        3    ####...
 Gell's Gravitas          Tloc           #.........   100%        3    ####...
 Ignite Poison            Fire/Tmut/Pois #.......     100%        3    ####...
 Mephitic Cloud           Conj/Pois/Air  #.......     100%        3    ####...
 Ozocubu's Armour         Chrm/Ice       #.......     100%        3    ####...
 Hailstorm                Conj/Ice       #.......     100%        4    #####..
 Olgreb's Toxic Radiance  Pois           #.......     100%        4    #####..
 Petrify                  Tmut/Erth      #.......     100%        4    #####..
 Summon Ice Beast         Ice/Summ       #.......     100%        4    #####..
 Metabolic Englaciation   Hex/Ice        #.........   100%        5    ######.
 Yara's Violent Unravell  Hex/Tmut       #.........   100%        5    ######.

Inventory:

Missiles
 h - 313 stones (quivered)
 r - 2 throwing nets {=f}
Armour
 m - a cursed +2 cloak (worn)
 n - a cursed +3 chain mail of magic resistance (worn)
 y - a cursed +0 helmet (worn)
Magical Staves
 l - an uncursed staff of wizardry {!a}
Jewellery
 P - a cursed ring of poison resistance (left claw)
Wands
 e - a wand of polymorph (8)
 g - a wand of enslavement (8)
 i - a wand of digging (5)
 j - a wand of random effects (24)
 s - a wand of acid (2)
 x - a wand of flame (5)
Scrolls
 a - a scroll of teleportation {@r4}
 d - 2 scrolls of amnesia
 u - a scroll of remove curse {@r2}
 v - 3 scrolls of noise {unknown}
 z - a scroll of fear
 B - a scroll of identify {@r1}
Potions
 f - 4 potions of haste {@q3}
 k - 2 potions of curing {@q1}
 o - a potion of stabbing
 p - 4 potions of brilliance
 t - 2 potions of heal wounds {@q2}
 w - a potion of flight
 A - a potion of invisibility
Miscellaneous
 q - a phial of floods
Comestibles
 b - 28 rations {@e1}
 c - 5 chunks of flesh

Dungeon Overview and Level Annotations

Branches:
Dungeon (12/15)            Temple (1/1) D:4            Lair (1/6) D:10
    Orc (0/2) D:11          IceCv (1/1)

Altars:
Ashenzari
Cheibriados
Dithmenos
Elyvilon
Fedhas
Gozag
Hepliaklqana
Kikubaaqudgha
Makhleb
Nemelex Xobeh
Okawaru
Qazlal
Ru
Sif Muna
Trog
Uskayaw
Vehumet
Wu Jian
Xom
Yredelemnul
Zin
The Shining One
Beogh

Shops:
D:4 *   D:7 *

Annotations:
D:5 1 runed translucent door, lunkers's ghost, novice KoVM IceCv 1 transporter, exclusion: 2 ice statues

▒▒▒▒▒
▒▒▒▒...▒▒▒
▒▒........▒▒
▒▒......Y...▒
▒▒.....Y@....▒
▒.....°Y8..8.▒
▒.....○○○.!.(▒
▒.∩.©.○○°○.[©▒
▒.........(.?▒
▒.......8..8.▒
▒▒...........▒
▒▒..........▒
▒▒........▒▒


You could see 2 ice statues and 3 ice beasts.


Message History

You kill the white ugly thing!
You have reached level 12!
Your experience leads to an increase in your attributes!
Increase (S)trength, (I)ntelligence, or (D)exterity?
You feel stronger. The ice beast barely misses you.
The ice statue gestures.
The ice statue gestures at you. The shard of ice hits you.
You partially resist.
* * * LOW HITPOINT WARNING * * *
The ice statue gestures at you. The shard of ice hits you!!
You partially resist.
* * * LOW HITPOINT WARNING * * *
The ice beast closely misses you.
You scratch the ice statue.
The ice statue is lightly damaged.
The ice statue gestures.
The ice statue gestures at you.
The freezing blast engulfs the ice beast.
The ice beast completely resists.
The ice beast closely misses you.
You scratch the ice statue.
The ice statue is lightly damaged.
You are engulfed in freezing vapours.
You resist.
* * * LOW HITPOINT WARNING * * *
The ice statue gestures at you. The bolt of cold hits you! You resist.
* * * LOW HITPOINT WARNING * * *
The ice beast hits you but does no damage.
The ice beast hits you.
* * * LOW HITPOINT WARNING * * *
The ice beast freezes you. You resist.
You die...

Skill      XL: |  1  2  3  4  5  6  7  8  9 10 11 |
---------------+----------------------------------+-----
Unarmed Combat | 4 5 6 7 8 10 12 14 16 | 16.1
Fighting       | 4 5 6 8 9 10 12 | 12.1
Dodging        | |  2.6
Stealth        | |  2.1

Action                   |  1- 3 |  4- 6 |  7- 9 | 10-12 || total
-------------------------+-------+-------+-------+-------++-------
Melee: Unarmed           |   122 |   139 |   285 |   444 ||   990
       Punch             |     2 |     2 |     5 |    21 ||    30
Throw: Stone             |    57 |    67 |   131 |   148 ||   403
Invok: Curse Item        |       |       |     3 |       ||     3
Evoke: Wand              |       |       |     9 |     8 ||    17
  Use: Scroll            |       |       |    16 |    14 ||    30
       Potion            |       |       |       |     6 ||     6
 Stab: Sleeping          |     1 |       |       |       ||     1
       Paralysed         |       |       |     5 |       ||     5
  Eat: Chunk             |     2 |     7 |    19 |    19 ||    47
Armor: Ring mail         |    49 |    28 |       |       ||    77
       Chain mail        |       |    16 |   114 |   194 ||   324
Dodge: Dodged            |    53 |    46 |    54 |   166 ||   319

Levels and vault maps discovered:
D:1:      lightli_arrival_statuegarden, layout_basic, serial_forest,
          infiniplex_forest_clump_tiny, infiniplex_forest_straight_4,
          infiniplex_forest_clump_curved, infiniplex_forest_3_way,
          infiniplex_forest_clump_large, infiniplex_forest_fountain,
          infiniplex_forest_lined_ring, infiniplex_forest_straight_4,
          minmay_splitting_lines
D:2:      layout_basic, kennysheep_generic_room_4
D:3:      layout_loops_cross, uniq_natasha
D:4:      layout_loops_ring, minmay_temple_entry_enclosed_plants, serial_shops,
          nicolae_shop_crystal, first_ration
D:5:      layout_basic, gammafunk_ghost_grave, uniq_ijyb, uniq_eustachio,
          uniq_grinder, uniq_sigmund
D:6:      layout_gridville, grunt_gozag_statues, minmay_misc_feat_encased,
          minmay_between
D:7:      layout_cave_pods, serial_shops, nicolae_shop_overgrown_old_shop,
          the_bakery
D:8:      minmay_goldmine, layout_loops_ring, gammafunk_temple_overflow_wave,
          minmay_crystal_room
D:9:      layout_small_grid, kennysheep_little_box, uniq_harold
D:10:     layout_roguey, due_lair_maze_entry_diamond, kennysheep_doodads,
          elyvilon_altar_4, uniq_urug
D:11:     layout_basic, david_orc_5
D:12:     layout_basic, basic_altar, minmay_misc_feat_ornament
Temple:   dpeg_five_rooms_temple
Lair:1:   layout_regular_city, portal_ice_cave_rime, beast_lair_carwin_11,
          grunt_megastairs_2
IceCv:    ice_cave_statue_garden_transporter

Notes
Turn   | Place    | Note
-------+----------+-------------------------------------------
     0 | D:1      | Bionic the Ghoul Monk began the quest for the Orb.
     0 | D:1      | Reached XP level 1. HP: 19/19 MP: 0/0
   250 | D:1      | Reached XP level 2. HP: 24/26 MP: 1/1
   605 | D:1      | Reached skill level 4 in Unarmed Combat
   804 | D:2      | Reached XP level 3. HP: 33/33 MP: 2/2
  1642 | D:3      | Reached skill level 4 in Fighting
  1645 | D:3      | Reached XP level 4. HP: 37/40 MP: 3/3
  1794 | D:3      | Noticed Natasha
  1802 | D:3      | Killed Natasha
  1802 | D:3      | Reached skill level 5 in Unarmed Combat
  2060 | D:3      | Reached XP level 5. HP: 43/47 MP: 4/4
  2160 | D:3      | Noticed Natasha
  2172 | D:3      | Killed Natasha
  2598 | D:4      | Found Guirumn's General Store.
  2631 | D:4      | Reached skill level 6 in Unarmed Combat
  2673 | D:4      | Reached XP level 6. HP: 47/55 MP: 5/5
  2857 | D:4      | Reached skill level 5 in Fighting
  3050 | D:4      | Found a staircase to the Ecumenical Temple.
  3096 | Temple   | Entered the Ecumenical Temple
  3340 | Temple   | Became a worshipper of Ashenzari the Shackled
  3340 | Temple   | Reached * piety under Ashenzari
  3340 | Temple   | Reached ** piety under Ashenzari
  3438 | D:4      | Reached skill level 7 in Unarmed Combat
  3460 | D:3      | Noticed Natasha
  3468 | D:3      | Killed Natasha
  3468 | D:3      | Reached XP level 7. HP: 28/61 MP: 6/6
  4025 | D:5      | Entered Level 5 of the Dungeon
  4051 | D:5      | Noticed Ijyb
  4078 | D:5      | Killed Ijyb
  4079 | D:5      | Found a runed translucent door.
  4079 | D:5      | Noticed lunkers's ghost (novice KoVM)
  4518 | D:5      | Noticed Sigmund
  4529 | D:5      | Killed Sigmund
  4529 | D:5      | Reached skill level 6 in Fighting
  4529 | D:5      | Reached skill level 8 in Unarmed Combat
  4599 | D:5      | Noticed Eustachio
  4604 | D:5      | Killed Eustachio
  4604 | D:5      | Reached XP level 8. HP: 71/71 MP: 7/7
  4621 | D:5      | Noticed Grinder
  4621 | D:5      | Paralysed by Grinder for 2 turns
  4641 | D:5      | Killed Grinder
  4641 | D:5      | Reached skill level 9 in Unarmed Combat
  4806 | D:5      | Reached skill level 7 in Fighting
  5297 | D:6      | Found an opulent altar of Gozag.
  5307 | D:6      | Reached skill level 10 in Unarmed Combat
  5560 | D:6      | Noticed a gargoyle
  5572 | D:6      | Killed a gargoyle
  5572 | D:6      | Reached skill level 8 in Fighting
  5572 | D:6      | Reached XP level 9. HP: 46/81 MP: 8/8
  5861 | D:6      | Reached skill level 11 in Unarmed Combat
  6964 | D:7      | Found Pewaypn's Assorted Antiques.
  7726 | D:8      | Reached skill level 12 in Unarmed Combat
  7867 | D:8      | Reached skill level 9 in Fighting
  7958 | D:4      | Bought a scroll of remove curse for 36 gold pieces
  7958 | D:4      | Bought a scroll of remove curse for 36 gold pieces
  8168 | D:8      | Found a stormy altar of Qazlal.
  8168 | D:8      | Found an iron altar of Okawaru.
  8267 | D:8      | Reached XP level 10. HP: 91/91 MP: 9/9
  8424 | D:8      | Reached *** piety under Ashenzari
  8654 | D:8      | HP: 4/91 [orc warrior/+0 halberd (21)]
  8663 | D:8      | HP: 7/91 [orc warrior/+0 halberd (6)]
  9484 | D:9      | Found a shadowy altar of Dithmenos.
  9608 | D:9      | Noticed Harold
  9622 | D:9      | Killed Harold
  9622 | D:9      | Reached skill level 13 in Unarmed Combat
  9782 | D:9      | Reached skill level 10 in Fighting
 10272 | D:10     | Entered Level 10 of the Dungeon
 10288 | D:10     | Found a white marble altar of Elyvilon.
 10551 | D:10     | Noticed Urug
 10810 | D:10     | Found a staircase to the Lair.
 11096 | D:10     | Killed Urug
 11096 | D:10     | Reached skill level 14 in Unarmed Combat
 11547 | D:10     | Reached XP level 11. HP: 83/101 MP: 10/10
 11565 | D:10     | Reached skill level 11 in Fighting
 12289 | D:11     | Found a roughly hewn altar of Beogh.
 12289 | D:11     | Found a staircase to the Orcish Mines.
 12317 | D:11     | Noticed a seven-headed hydra
 12328 | D:11     | Killed a seven-headed hydra
 12882 | D:11     | Reached skill level 15 in Unarmed Combat
 13494 | D:11     | Noticed a red ugly thing
 13508 | D:11     | Killed a purple ugly thing
 13827 | D:12     | Noticed an unseen horror
 13851 | D:12     | Killed an unseen horror
 13967 | D:12     | Noticed a manticore
 13980 | D:12     | HP: 7/104 [manticore (5)]
 13981 | D:12     | Killed a manticore
 14362 | D:12     | Noticed a sixfirhy
 14401 | D:11     | HP: 10/104 [troll (6)]
 14731 | Lair:1   | Entered Level 1 of the Lair of Beasts
 14766 | Lair:1   | Reached **** piety under Ashenzari
 14773 | Lair:1   | Found a frozen archway.
 14797 | IceCv    | Entered an ice cave
 14797 | IceCv    | Noticed a white ugly thing
 14809 | IceCv    | Killed a white ugly thing
 14809 | IceCv    | Reached skill level 12 in Fighting
 14813 | IceCv    | Reached skill level 16 in Unarmed Combat
 14828 | IceCv    | Found a transporter.
 14950 | IceCv    | Noticed a white ugly thing
 14951 | IceCv    | Identified the +5 ring mail of Insecurity {rPois Stlth+}
 14951 | IceCv    | Found a transporter.
 14957 | IceCv    | Killed a white ugly thing
 14957 | IceCv    | Reached XP level 12. HP: 50/112 MP: 11/11
 14961 | IceCv    | HP: 5/112 [ice statue/bolt of cold (13)]
 14962 | IceCv    | HP: 1/112 [ice beast[an ice statue] (4)]
 14962 | IceCv    | Slain by an ice beast

Vanquished Creatures
  Harold (D:9)
  A hydra (D:11)
  Urug (D:10)
  An unseen horror (D:12)
  3 ugly things
  A manticore (D:12)
  A gargoyle (D:6)
  2 rime drakes (Lair:1)
  A troll (D:11)
  Grinder (D:5)
  2 hippogriffs
  A shadow (D:11)
  A wraith (D:12)
  A spriggan (D:7)
  5 yaks (D:10)
  Eustachio (D:5)
  Sigmund (D:5)
  5 porcupines (D:10)
  10 orc warriors
  A black bear (D:10)
  10 ice beasts
  A sky beast (D:8)
  2 ogres
  5 centaurs
  A big kobold (D:11)
  8 bullfrogs
  A gnoll sergeant (D:8)
  A water moccasin zombie (D:12)
  5 scorpions
  7 killer bees
  2 crimson imps
  2 bullfrog zombies
  A quasit (D:10)
  A centaur zombie (D:7)
  5 hounds
  3 jellies
  10 orc priests
  3 bullfrog skeletons
  8 orc wizards
  Ijyb (D:5)
  3 iguanas
  Natasha (thrice) (D:3)
  4 worker ants
  2 hound skeletons
  A howler monkey zombie (D:6)
  9 adders
  3 gnolls (D:8)
  2 shadow imps
  3 dart slugs
  2 worms (D:3)
  6 leopard geckos
  47 orcs
  9 bats
  5 giant cockroaches
  11 goblins
  10 hobgoblins
  4 quokkas
  2 ball pythons
  2 frilled lizards
  A jackal zombie (D:5)
  15 kobolds
  A quokka zombie (D:5)
  9 rats
  A fungus (D:10)
  2 plants (D:10)
275 creatures vanquished.

Vanquished Creatures (others)
  16 fungi (D:10)
  4 plants (D:10)
20 creatures vanquished.

Grand Total: 295 creatures vanquished

Table legend:
 A = Turns spent in this place as a percentage of turns spent in the entire game.
 B = Non-inter-level travel turns spent in this place as a percentage of non-inter-level travel turns spent in the entire game.
 C = Inter-level travel turns spent in this place as a percentage of turns spent in this place.
 D = Turns resting spent in this place as a percentage of non-inter-level travel turns spent in this place.
 E = Turns spent auto-exploring this place as a percentage of non-inter-level travel turns spent in this place.
 F = Non-inter-level travel turns spent in this place divided by the number of levels of this place that you've seen.
                   A       B       C       D       E      F
               +-------+-------+-------+-------+-------+----------------------
         Total | 100.0 | 100.0 |   4.3 |  22.5 |  56.9 | 955.1
       Dungeon |  96.6 |  97.3 |   3.6 |  22.4 |  57.1 | 1161.1
        Temple |   1.8 |   1.4 |  28.5 |   0.0 |  95.4 | 196.0
          Lair |   0.4 |   0.2 |  51.5 |   0.0 |   0.0 |  32.0
      Ice Cave |   1.1 |   1.2 |   0.0 |  62.4 |   0.0 | 165.0
               +-------+-------+-------+-------+-------+----------------------

Table legend:
 A = Non-vault XP
 B = Vault XP
 C = Vault XP percentage of total XP
 D = Non-vault monster count
 E = Vault monster count
 F = Vault count percentage of total count
                 A         B        C        D         E       F
            +---------+---------+-------+---------+---------+-------
      Total |   10595 |    7934 |  42.8 |     206 |      66 |  24.3
            +---------+---------+-------+---------+---------+-------
        D:1 |      31 |       0 |   0.0 |      20 |       0 |   0.0
        D:2 |      24 |       3 |  11.1 |      13 |       1 |   7.1
        D:3 |     168 |      35 |  17.2 |      31 |       1 |   3.1
        D:4 |     532 |       0 |   0.0 |      21 |       0 |   0.0
        D:5 |     286 |     769 |  72.9 |      18 |       5 |  21.7
        D:6 |    1191 |      14 |   1.2 |      14 |       2 |  12.5
        D:7 |     571 |     211 |  27.0 |      15 |       1 |   6.2
        D:8 |     853 |     331 |  28.0 |      14 |      11 |  44.0
        D:9 |     793 |    1018 |  56.2 |       8 |       1 |  11.1
       D:10 |    1575 |    1931 |  55.1 |      14 |      11 |  44.0
       D:11 |    2710 |     969 |  26.3 |      27 |      23 |  46.0
       D:12 |    1771 |       0 |   0.0 |      10 |       0 |   0.0
     Lair:1 |      90 |     780 |  89.7 |       1 |       2 |  66.7
      IceCv |       0 |    1873 | 100.0 |       0 |       8 | 100.0
            +---------+---------+-------+---------+---------+-------
